 Dungeon Crawl Stone Soup version 0.27-a0-1188-g73eefd5def (webtiles) character file.

Game seed: 8752252708287683719

1354 leviel the Scholar of Death (level 8, -5/57 (61) HPs)
             Began as a Hill Orc Necromancer on May 21, 2021.
             Was a Follower of Kikubaaqudgha.
             Slain by a wight
             ... wielding a +3 hand axe
              (10 damage)
             ... on level 6 of the Dungeon.
             The game lasted 00:17:35 (9527 turns).

leviel the Scholar of Death (Hill Orc Necromancer)  Turns: 9527, Time: 00:17:36

HP:   -5/57 (61)    AC: 13    Str: 11    XL:     8   Next: 63%
MP:   4/4           EV: 13    Int: 17    God:    Kikubaaqudgha [*.....]
Gold: 374           SH:  0    Dex: 11    Spells: 12/16 levels left

rFire    . . .     SeeInvis .   c - +4 quarterstaff "Saguzxeh" {antimagic, rElec}
rCold    . . .     Faith    .   (shield currently unavailable)
rNeg     . . .     Spirit   .   a - +1 robe
rPois    .         Reflect  .   (no helmet)
rElec    +         Harm     .   i - +0 cloak
rCorr    .         Rampage  .   (no gloves)
Will     .....                  m - +0 pair of boots
Stlth    ++........             (no amulet)
HPRegen  0.19/turn              h - +4 ring of protection
MPRegen  0.09/turn              k - +4 ring of protection

@: mighty, lethally poisoned (-5 -> -10), drained
A: no striking features
a: Renounce Religion, Receive Corpses


You were on level 6 of the Dungeon.
You worshipped Kikubaaqudgha.
Kikubaaqudgha was aware of your devotion.
You visited 1 branch of the dungeon, and saw 6 of its levels.
You also visited: Ossuary.

You collected 626 gold pieces.
You spent 252 gold pieces at shops.

Inventory:

Hand Weapons
 c - the +4 quarterstaff "Saguzxeh" (weapon) {antimagic, rElec}
   (You bought it in a shop on level 2 of the Dungeon)

   It reduces the magical energy of the wielder, and disrupts the spells and
   magical abilities of those hit.
   Natural abilities and divine invocations are not affected.
   It insulates you from electricity.
Armour
 a - a +1 robe (worn)
 i - a +0 cloak (worn)
 m - a +0 pair of boots (worn)
Jewellery
 h - a +4 ring of protection (left hand)
 k - a +4 ring of protection (right hand)
 n - a +6 ring of intelligence
Wands
 d - a wand of charming (4)
 j - a wand of iceblast (11) (quivered)
Scrolls
 b - 2 scrolls of teleportation
 f - 5 scrolls of identify {@r1}
 g - a scroll of brand weapon {unknown}
 l - a scroll of holy word {unknown}


   Skills:
 + Level 2.2 Fighting
 - Level 1.2 Short Blades
 + Level 3.4 Staves
 + Level 3.8 Dodging
 - Level 2.0 Stealth
 - Level 0.1 Unarmed Combat
 + Level 4.5 Spellcasting
 + Level 6.7 Necromancy


You had 12 spell levels left.
You knew the following spells:

 Your Spells              Type           Power      Damage    Failure   Level
a - Pain                  Necr           100%       1d9       1%          1
b - Vampiric Draining     Necr           13%        2d7       2%          3

Your spell library contained the following spells:

 Spells                   Type           Power      Damage    Failure   Level
 Animate Skeleton         Necr           52%        N/A       1%          1
 Sublimation of Blood     Necr           13%        N/A       1%          2
 Corpse Rot               Necr/Air       N/A        N/A       6%          2
 Animate Dead             Necr           13%        N/A       10%         4
 Agony                    Necr           26%        N/A       26%         5


Dungeon Overview and Level Annotations

Branches:
Dungeon (6/15)            Ossuary (visited)
 Temple: D:4-7

Altars:
Elyvilon
Kikubaaqudgha

Shops:
D:2 (   D:5 *

Annotations:
D:5 2 transporters, noodleboyJ's ghost, novice FoFi


Message History

You are too injured to fight recklessly!
You are too injured to fight recklessly!
You are too injured to fight recklessly!
You are too injured to fight recklessly!
You are too injured to fight recklessly!
You hit the wight but do no damage.
The wight is heavily damaged.
The wight barely misses you.
You hit the wight.
The wight is severely damaged.
The wight hits you with a +3 hand axe!
You closely miss the wight.
The wight is severely damaged.
The wight hits you with a +3 hand axe.
* * * LOW HITPOINT WARNING * * *
You feel drained.
* * * LOW HITPOINT WARNING * * *
The wight hits you with a +3 hand axe!
* * * LOW HITPOINT WARNING * * *
Okay, then.
An iguana and 2 kobolds come into view.
The kobold shouts!
The iguana hisses angrily.
You hear a shout!
The kobold moves out of view.
A kobold brigand comes into view.
It is wielding a +0 whip and quivering poisoned darts.
The kobold brigand shouts!
The kobold brigand moves out of view.
Found 2 fizzy cyan potions.
Found 19 stones.
The kobold throws a stone.
The stone hits you but does no damage.
The kobold brigand throws a poisoned dart.
The poisoned dart hits you!
You are lethally poisoned!
* * * LOW HITPOINT WARNING * * *
You feel sick.
The kobold throws a stone.
The stone barely misses you.
It was a potion of might.
You feel very mighty all of a sudden.
* * * LOW HITPOINT WARNING * * *
You feel sick. The wight hits you with a +3 hand axe!
You die...
Kikubaaqudgha rasps: "You have failed me!
Welcome... death!"

##.###.(.....#
##.......#....####
#......#...z..#..##
##....##.#####)#..# .
#.........#.#..#..#..
##..................#
####........†...#......#
#..........###.###..####
#.....##@)##....#.K.##...
#.....#.z.##....#.......#
##............K........
#.......l.##K..........
#........#K....##......
#..........#..<..###.....
....#............# ..#..
#..##.................###
......................#


You could see an iguana, a wight and a kobold.

Vanquished Creatures
  A wraith (D:5)
  A water moccasin (D:5)
  2 phantoms (D:4)
  A bullfrog (D:6)
  A water moccasin zombie (Ossuary)
  9 wights
  A howler monkey (D:5)
  A jelly (D:5)
  2 hounds (D:5)
  A centaur skeleton (D:5)
  An orc priest (D:5)
  Natasha (twice) (D:2)
  An orc wizard (D:3)
  Terence (D:2)
  A howler monkey skeleton (D:5)
  5 adders
  An ufetubus (D:4)
  5 adder zombies (Ossuary)
  A worm (D:3)
  A dart slug (D:4)
  8 orcs
  8 bats
  4 endoplasms
  7 giant cockroaches
  5 goblins
  5 hobgoblins
  16 jackals
  5 kobolds
  2 quokkas
  5 ball pythons
  7 frilled lizards
  A gnoll zombie (Ossuary)
  4 hobgoblin zombies (Ossuary)
  A jackal skeleton (D:3)
  A kobold zombie (Ossuary)
  5 rats
123 creatures vanquished.

Notes
Turn   | Place    | Note
-------+----------+-------------------------------------------
     0 | D:1      | leviel the Hill Orc Necromancer began the quest for the
                  | Orb.
     0 | D:1      | Reached XP level 1. HP: 14/14 MP: 3/3
   338 | D:1      | Reached XP level 2. HP: 19/20 MP: 2/4
  1066 | D:1      | Reached XP level 3. HP: 15/26 MP: 1/6
  1719 | D:1      | Learned a level 3 spell: Vampiric Draining
  2101 | D:2      | Found an ancient bone altar of Kikubaaqudgha.
  2439 | D:2      | Became a worshipper of Kikubaaqudgha
  2620 | D:2      | Reached XP level 4. HP: 29/34 MP: 1/7
  2756 | D:2      | Noticed Natasha
  2761 | D:2      | Killed Natasha
  2886 | D:2      | Noticed Terence
  2892 | D:2      | Killed Terence
  3178 | D:2      | Noticed Natasha
  3183 | D:2      | Killed Natasha
  3184 | D:2      | Reached XP level 5. HP: 39/39 MP: 1/9
  3261 | D:2      | Found Qyfi's Antique Weapon Boutique.
  3395 | D:3      | Found a white marble altar of Elyvilon.
  3533 | D:3      | Reached skill level 5 in Necromancy
  4348 | D:3      | Found a faded altar of an unknown god.
  4888 | D:4      | Noticed a phantom
  5129 | D:4      | Noticed a phantom
  5148 | D:4      | Found a sand-covered staircase.
  5152 | Ossuary  | Entered an ossuary
  5321 | Ossuary  | Reached * piety under Kikubaaqudgha
  5321 | Ossuary  | Identified Kikubaaqudgha's Reference Book on Sinister Magic
                  | (Kikubaaqudgha gifted it to you in an ossuary)
  5321 | Ossuary  | Received a gift from Kikubaaqudgha
  5680 | Ossuary  | Identified a scroll of acquirement
  5680 | Ossuary  | Acquired 399 gold pieces
  5719 | Ossuary  | Reached skill level 1 in Fighting
  5719 | Ossuary  | Reached skill level 1 in Short Blades
  5719 | Ossuary  | Reached XP level 6. HP: 47/47 MP: 9/11
  6324 | D:2      | Bought a faintly glowing quarterstaff for 252 gold pieces
  6324 | D:2      | Identified the +4 quarterstaff "Saguzxeh" {antimagic,
                  | rElec} (You bought it in a shop on level 2 of the Dungeon)
  6541 | D:4      | Reached skill level 1 in Staves
  6884 | D:4      | Reached XP level 7. HP: 52/52 MP: 4/12
  7292 | D:5      | Entered Level 5 of the Dungeon
  7295 | D:5      | Noticed a wraith
  7325 | D:5      | Killed a wraith
  7796 | D:5      | Found a transporter.
  7796 | D:5      | Noticed noodleboyJ's ghost (novice FoFi)
  7891 | D:5      | Found a transporter.
  8032 | D:5      | Reached skill level 6 in Necromancy
  8172 | D:5      | Reached XP level 8. HP: 33/57 MP: 4/14
  8570 | D:5      | Found Raehekhe's Serpentskin Sales.
  9527 | D:6      | Slain by a wight

Illustrated notes

Levels and vault maps discovered:
D:1:      evilmike_arrival_crescent, layout_rooms, serial_corexii_hall,
          chequers_hall_statues_wall_a, chequers_hall_statues_corner_a,
          chequers_hall_statues_corner_a, chequers_hall_statues_y,
          chequers_hall_statues_corner_a, corexii_hall_statues_l,
          minmay_misc_feat_pillars, st_stairs_3, serial_bayou_pond_e
D:2:      layout_basic, serial_shops, shop_fountains, basic_altar,
          hangedman_abyss_or_decor_stabs, uniq_natasha, uniq_terence
D:3:      layout_basic, elyvilon_altar_1, chequers_ecumenical_altar_lobes,
          serial_curves, eino_curves_03, eino_curves_02, eino_curves_03
D:4:      layout_loops_ring, lightli_ossuary_entry_decrepit_ruins,
          kennysheep_generic_room_9
D:5:      layout_basic, gammafunk_ghost_mausoleum, guppyfry_shop_venom
D:6:      layout_cave_pools

Skill      XL: |  1  2  3  4  5  6  7  8 |
---------------+-------------------------+-----
Spellcasting   | 2 3 4 |  4.5
Necromancy     | 5 6 |  6.7
Stealth        | 2 |  2.0
Fighting       | 1 2 |  2.2
Short Blades   | 1 |  1.2
Dodging        | 2 3 |  3.8
Staves         | 1 2 3 |  3.4
Unarmed Combat | |  0.1

Action                   |  1- 3 |  4- 6 |  7- 9 || total
-------------------------+-------+-------+-------++-------
Melee: Unarmed           |     1 |       |       ||     1
       Short sword       |       |    88 |       ||    88
       Quarterstaff      |       |    24 |   164 ||   188
 Cast: Pain              |    87 |    67 |       ||   154
       Vampiric Draining |       |     6 |       ||     6
Evoke: Wand              |       |       |     2 ||     2
  Use: Scroll            |       |     8 |       ||     8
       Potion            |       |     3 |     3 ||     6
 Stab: Sleeping          |       |       |     2 ||     2
Armor: Robe              |    13 |    36 |    78 ||   127
       Skin              |       |    61 |       ||    61
Dodge: Dodged            |    37 |    91 |   110 ||   238

Table legend: (Time is in decaauts)
 A = Elapsed time spent in this place.
 B = Non-inter-level travel time spent in this place.
 C = Inter-level travel time spent in this place.
 D = Time resting spent in this place.
 E = Time spent auto-exploring this place.
 F = Levels seen in this place.
 G = Mean time per level.
                   A        B        C        D        E       F      G
               +--------+--------+--------+--------+--------+-----+--------+
         Total |   9606 |   9062 |    544 |   2579 |   5250 |   7 | 1372.3 |
       Dungeon |   8788 |   8244 |    544 |   1907 |   5233 |   6 | 1464.7 |
       Ossuary |    818 |    818 |      0 |    672 |     17 |   1 |  818.0 |
               +--------+--------+--------+--------+--------+-----+--------+

Top non-repeatable levels by time:
     D:5: 1951 daAuts
     D:1: 1861 daAuts
     D:4: 1660 daAuts
     D:2: 1631 daAuts
     D:3: 1567 daAuts
 Ossuary: 818 daAuts
     D:6: 116 daAuts
